 Dungeon Crawl Stone Soup version 0.31.0-11-ge490571c62 (webtiles) character file.

Game seed: 9690277321148781191

159739 shadowrider38 the Unseen (level 16, -4/85 HPs)
             Began as a Spriggan Enchanter on Feb 3, 2024.
             Was a Follower of Elyvilon.
             Slain by a death cob (18 damage)
             ... on level 1 of the Realm of Zot on Feb 4, 2024.
             The game lasted 05:23:48 (53371 turns).

shadowrider38 the Unseen (Spriggan Enchanter)      Turns: 53371, Time: 05:23:49

Health: -4/85      AC: 13    Str:  4    XL:     16   Next: 17%
Magic:  0/29       EV: 30    Int: 26    God:    Elyvilon [*.....]
Gold:   661        SH:  0    Dex: 23    Spells: 5/31 levels left

rFire   . . .        a - +1 dagger (elec)
rCold   . . .        (no shield)
rNeg    . . .        s - +5 steam dragon scales
rPois   .            k - +1 hat {Int+3}
rElec   +            n - +0 cloak
rCorr   .            (gloves unavailable)
SInv    +            (boots unavailable)
Will    ++++.        y - amulet of guardian spirit
Stlth   ++++++++     U - ring "Pufrim" {rElec Will++ Dex+6}
HPRegen 0.34/turn    j - ring of wizardry
MPRegen 0.21/turn

%: guardian spirit, wizardry (x1)
@: slowed, quick
A: very small, no large weapons, unfitting armour, see invisible, speed 3
}: 3/15 runes: decaying, serpentine, abyssal
a: Renounce Religion, Purification


You were on level 1 of the Realm of Zot.
You worshipped Elyvilon.
Elyvilon was aware of your devotion.
You visited 8 branches of the dungeon, and saw 36 of its levels.
You visited the Abyss 1 time.
You also visited: Bailey and Ice Cave.

You collected 2125 gold pieces.
You spent 1443 gold pieces at shops.
You donated 21 gold pieces to Zin.

Inventory:

Hand Weapons
 a - a +1 dagger of electrocution (weapon)
 b - a +2 rapier of flaming
 v - a +1 short sword of venom
 C - a +2 dagger of chaos
Missiles
 t - 14 boomerangs
 F - 8 curare-tipped darts
 J - 4 atropa-tipped darts
 Z - a throwing net
Armour
 k - a +1 hat of intelligence (worn)
 m - a +2 troll leather armour {Snorg}
 n - a +0 cloak (worn)
 s - +5 steam dragon scales (worn)
Magical Staves
 q - the staff of Mana {rPois Conj}
   (You found it on level 10 of the Dungeon)

   [staff of conjuration]

   Base accuracy: +5 Base damage: 5 Base attack delay: 1.2 This weapon's minimum
   attack delay (0.6) is reached at skill level 12.
   rPois:     It protects you from poison Conj: It increases the power of your
   Conjurations spells.
   It falls into the 'Staves' category.
   It is a two-handed weapon.
 w - a staff of cold
 Y - a staff of conjuration
Jewellery
 c - a ring of ice
 g - a ring of resist corrosion
 h - a +6 ring of strength
 j - a ring of wizardry (right hand)
 o - a ring of poison resistance
 u - an amulet of the acrobat
 y - an amulet of guardian spirit (around neck)
 U - the ring "Pufrim" (left hand) {rElec Will++ Dex+6}
   (You found it on level 1 of the Lair of Beasts)

   [ring of dexterity]

   Dex+6:     It affects your dexterity (+6).
   rElec:     It insulates you from electricity.
   Will++:    It greatly increases your willpower.
Wands
 d - a wand of polymorph (14)
 A - a wand of acid (6)
 D - a wand of digging (10)
 I - a wand of iceblast (16)
 V - a wand of flame (24)
Scrolls
 f - 2 scrolls of poison
 i - 2 scrolls of immolation
 l - 4 scrolls of vulnerability
 p - 2 scrolls of fog
 r - a scroll of silence {!r}
 x - 3 scrolls of revelation
 B - 2 scrolls of blinking
 L - a scroll of noise
 P - 2 scrolls of enchant weapon
 T - 9 scrolls of teleportation
 W - 3 scrolls of brand weapon
Potions
 e - a potion of might
 z - 2 potions of mutation
 E - 2 potions of resistance
 M - 2 potions of enlightenment
 N - 2 potions of attraction
 Q - 3 potions of curing
 R - 4 potions of brilliance
 S - 2 potions of lignification
 X - 2 potions of berserk rage
Miscellaneous
 O - a condenser vane


   Skills:
 - Level 10.0 Fighting
 - Level 5.0 Short Blades
 + Level 3.8 Armour
 - Level 13.0 Dodging
 - Level 20.0 Stealth
 + Level 8.3 Spellcasting
 - Level 3.0 Conjurations
 - Level 9.4 Hexes
 - Level 11.5 Translocations
 - Level 3.2 Ice Magic
 - Level 2.0 Earth Magic
 - Level 14.0 Invocations
 - Level 10.0 Evocations


You had 5 spell levels left.
You knew the following spells:

 Your Spells              Type           Power      Damage    Failure   Level
a - Ensorcelled Hibernat  Hex/Ice        86%        N/A       1%          2
b - Silence               Hex/Air        17%        N/A       9%          5
c - Teleport Other        Tloc           63%        N/A       1%          3
d - Dazzling Flash        Conj/Hex       86%        N/A       1%          3
e - Dispersal             Tloc           31%        N/A       3%          6
f - Passwall              Erth           21%        N/A       3%          3
z - Passage of Golubria   Tloc           63%        N/A       1%          4

Your spell library contained the following spells:

 Spells                   Type           Power      Damage    Failure   Level
 Sandblast                Erth           42%        2d11      1%          1
 Lesser Beckoning         Tloc           100%       N/A       1%          2
 Static Discharge         Conj/Air       36%        3-5/arc   1%          2
 Confusing Touch          Hex            56%        N/A       1%          3
 Frozen Ramparts          Ice            54%        1d9       1%          3
 Gell's Gravitas          Tloc           63%        N/A       1%          3
 Tukima's Dance           Hex            56%        N/A       1%          3
 Volatile Blastmotes      Fire/Tloc      80%        2d16      1%          3
 Vhi's Electric Charge    Tloc/Air       80%        N/A       1%          4
 Stone Arrow              Conj/Erth      46%        3d9       2%          3
 Anguish                  Hex/Necr       17%        N/A       3%          4
 Metabolic Englaciation   Hex/Ice        21%        N/A       4%          5
 Fugue of the Fallen      Necr           10%        N/A       7%          3
 Brom's Barrelling Bould  Conj/Erth      23%        2d4       9%          4
 Animate Armour           Summ/Erth      30%        N/A       16%         4
 Leda's Liquefaction      Alch/Erth      7%         N/A       16%         4
 Petrify                  Alch/Erth      15%        N/A       16%         4
 Airstrike                Air            5%         2d(1-17)  22%         4
 Summon Lightning Spire   Summ/Air       10%        N/A       22%         4
 Lee's Rapid Deconstruct  Erth           10%        3d8*      26%         5
 Arcjolt                  Conj/Air       9%         1d19      32%         5
 Starburst                Conj/Fire      9%         6d5       86%         6
 Plasma Beam              Fire/Air       5%         2x1d15    96%         6
 Lehudib's Crystal Spear  Conj/Erth      11%        10d4      100%        8
 Maxwell's Capacitive Co  Air            5%         ∞         100%        8


Dungeon Overview and Level Annotations

Branches:
Dungeon (15/15) Zot: 19613  Temple (1/1) D:4 Zot: 5973    Lair (5/5) D:10 Zot: 24717
  Swamp (4/4) Lair:3 Zot: 21194   Snake (4/4) Lair:3 Zot: 17077     Orc (2/2) D:11 Zot: 11167
 Depths (4/4) D:15 Zot: 16878     Zot (1/5) Depths:4 Zot: 5985  Bailey (visited)
  IceCv (visited)
  Slime: Lair:4-5       Elf: Orc:2       Vaults: D:13-14

Altars:
Ashenzari
Cheibriados
Dithmenos
Elyvilon
Fedhas
Gozag
Hepliaklqana
Kikubaaqudgha
Makhleb
Nemelex Xobeh
Okawaru
Qazlal
Ru
Sif Muna
Trog
Uskayaw
Vehumet
Wu Jian
Xom
Yredelemnul
Zin
The Shining One
Jiyva

Shops:
D:1 [   D:13 :!?   Snake:4 [:?

Portals:
Hell: Depths:1 Depths:3*
Abyss: Depths:1

Annotations:
D:1 exclusions: 3 ball pythons, bat, dart slug, door, endoplasm and frilled lizard
D:2 exclusions: adder, 2 endoplasms, goblin, hobgoblin, quokka and rat
D:3 1 runed translucent door, exclusions: downstairs, endoplasm, giant cockroach, 3 goblins, hobgoblin, 2 jackals and ribbon worm, Crazy Yiuf
D:4 exclusions: jelly, 2 orcs, orc wizard and ribbon worm, Robin
D:5 exclusions: hound and 2 upstairs
D:6 exclusions: centaur, downstairs, 3 orcs and sky beast, Blork the orc
D:7 exclusions: hound and shadow imp
D:8 exclusions: orc and 2 orc wizards
D:9 exclusions: bullfrog, downstairs and water moccasin, Erolcha
D:10 exclusions: downstairs, 2 ogres and upstairs, Lodul
D:11 exclusions: bullfrog, centaur, manticore, troll and upstairs
D:12 exclusions: cyclops and troll
D:13 exclusions: centaur warrior, unseen horror, upstairs and vampire
D:14 exclusions: crimson imp, door, 2 downstairs, 2 skeletal warriors, slime creature, 5 ugly things and white imp
D:15 exclusions: 3 boggarts, door, ugly thing and 2 wraiths
Temple 2 transporters
Lair:2 3 runed translucent doors, exclusions: 7 bullfrogs, 2 downstairs, upstairs and water moccasin, aaron's ghost, journeyman GnWn; velxir3's ghost, journeyman KoRe; wingedge's ghost, journeyman DgEE
Lair:3 exclusions: 4 bullfrogs, cane toad, 3 hornets and 4 water moccasins
Lair:4 exclusions: 2 blink frogs, 4 cane toads, downstairs, 3 jellies, wyvern and 4 yaks
Lair:5 exclusions: iguana, komodo dragon and rime drake
Swamp:1 exclusions: alligator and 2 swamp worms
Swamp:2 exclusions: 2 downstairs, swamp dragon and swamp worm
Swamp:3 exclusions: 2 eleionomae and swamp worm
Swamp:4 exclusions: 2 alligators and hydra
Snake:1 exclusions: black mamba and naga
Snake:2 exclusions: black mamba, 2 nagas, naga warrior, 2 salamanders and shock serpent
Snake:3 exclusions: 3 black mambas, mana viper, naga sharpshooter and upstairs
Snake:4 exclusions: black mamba, guardian serpent, naga, naga mage, 2 naga warriors and salamander
Orc:1 exclusion: downstairs
Depths:3 exclusions: downstairs, necromancer and sphinx
Depths:4 exclusions: juggernaut and salamander, Grunn
Zot:1 exclusion: death cob


Innate Abilities, Weirdness & Mutations

You are very small and have problems with some larger weapons.
You are too small for most types of armour.
You have supernaturally acute eyesight. (SInv)
You cover ground extremely quickly. (Speed+++)


Message History

Casting: Dispersal (dangerous; 3% risk of failure)
Confirm with . or Enter, or press ? or * to list all spells.
Okay, then.
Unknown command.
Casting: Dispersal (dangerous; 3% risk of failure)
Confirm with . or Enter, or press ? or * to list all spells.
Okay, then.
Unknown command.
Casting: Dispersal (dangerous; 3% risk of failure)
Confirm with . or Enter, or press ? or * to list all spells.
Okay, then.
Throw: 3 throwing nets
Press: ? - help, Shift-Dir - straight line, f - death cob
Aim: a death cob (flame, lightly damaged, 51% to hit)
You throw a throwing net.
The throwing net barely misses the death cob.
The death cob is engulfed in blazing flames.
The death cob completely misses you.
The death cob is engulfed in blazing flames.
The death cob hits you but does no damage.
The death cob is engulfed in blazing flames.
The death cob completely misses you.
Throw: 2 throwing nets
Press: ? - help, Shift-Dir - straight line, f/p - death cob
Aim: a death cob (flame, lightly damaged, 51% to hit)
You throw a throwing net.
The throwing net barely misses the death cob.
The death cob is engulfed in blazing flames.
The death cob closely misses you.
The purple draconian closely misses you.
The death cob is engulfed in blazing flames.
The death cob hits you!!
* * * LOW HITPOINT WARNING * * *
The death cob drains your vigour!
You feel yourself slow down. The red draconian closely misses you.
You feel better.
The death cob is engulfed in blazing flames.
The death cob hits you but does no damage.
The death cob is engulfed in blazing flames.
The death cob completely misses you.
The death cob is engulfed in blazing flames.
The death cob hits you.
* * * LOW HITPOINT WARNING * * *
The death cob drains your vigour!
You feel as though you will be slow longer.
The purple draconian completely misses you.
The red draconian completely misses you.
The death cob is engulfed in blazing flames.
The death cob hits you!!
You die...

#....X.#########..
##.....$..d........
.......∩...........
.......)...........
.............X.....
...................
..........dd.......
##########z#####...
#@## #.## #.# #.#
#.# #.# ##


You could see a tentacled monstrosity, a black draconian, a purple draconian, a
red draconian and a death cob.

Vanquished Creatures
  2 liches
  Rupert (Lair:3)
  Gastronok (D:8)
  2 fire giants
  A stone giant (Depths:1)
  A very ugly thing (Depths:4)
  A red draconian (Depths:4)
  A yellow draconian (Zot:1)
  A war gargoyle (Depths:1)
  2 black draconians (Depths:4)
  Snorg (D:10)
  2 ettins
  Harold (D:9)
  A fire dragon (Depths:4)
  A hydra (D:14)
  5 anacondas
  A rakshasa (Depths:2)
  An alligator (Swamp:2)
  3 hell beasts
  A centaur warrior (D:14)
  An ogre mage (D:15)
  7 two-headed ogres
  2 deep troll shamans (Depths:3)
  3 naga warriors
  2 tengu warriors (Depths:3)
  2 deep troll earth magi
  3 shock serpents
  6 naga sharpshooters (Snake:4)
  2 salamander mystics (Snake:4)
  Amaemon (D:9)
  A goliath frog (Swamp:1)
  4 mana vipers
  A flayed ghost (Depths:3)
  4 swamp dragons
  2 naga ritualists (Snake:4)
  6 bog bodies (Swamp:4)
  Pikel (D:7)
  2 deep elf pyromancers
  2 necromancers
  2 will-o-the-wisps (Swamp:4)
  7 salamanders
  An elephant (Lair:3)
  An ugly thing (D:13)
  Maurice (D:7)
  8 naga magi (Snake:4)
  2 large abominations
  17 black mambas
  3 orange demons
  2 cane toads
  An efreet (D:15)
  A rime drake (Lair:1)
  2 komodo dragons
  Psyche (D:10)
  2 hornets
  A troll (D:10)
  2 tyrant leeches
  13 blink frogs
  A spriggan (Swamp:4)
  A shadow (Swamp:4)
  2 water elementals (Depths:3)
  A wyvern (D:9)
  A yak (D:10)
  3 steam dragons
  9 vampire mosquitoes
  A swamp worm (Swamp:2)
  9 nagas
  5 water moccasins
  2 black bears
  An ogre (D:6)
  2 wolves (Lair:1)
  A centaur (D:7)
  3 bullfrogs
  A small abomination (Swamp:4)
  4 killer bees (D:10)
  A bombardier beetle (D:6)
  An orc priest (D:4)
  2 orcs
  2 kobolds
202 creatures vanquished.

Vanquished Creatures (collateral kills)
  An alligator (Swamp:2)
  A two-headed ogre (D:10)
  A dancing weapon (Abyss:3)
  A hornet (Swamp:2)
  Sigmund (D:3)
  2 spriggans (Swamp:2)
  A vampire mosquito (Swamp:2)
8 creatures vanquished.

Vanquished Creatures (others)
  A sphinx (Depths:3)
  A very ugly thing (Depths:1)
  A fire dragon (Depths:1)
  A hydra (Swamp:4)
  A naga warrior (Snake:3)
  2 death yaks (Lair:4)
  A spriggan berserker (Depths:1)
  2 naga sharpshooters (Snake:3)
  2 deep trolls (Depths:3)
  A naga ritualist (Snake:1)
  A swamp dragon (Swamp:2)
  2 ugly things (Depths:1)
  A salamander (Snake:4)
  2 black mambas
  2 naga magi (Snake:4)
  A tengu conjurer (Depths:1)
  A bloated husk (Swamp:3)
  2 blink frogs (Lair:2)
  A centaur simulacrum (D:15)
  A shadow (Swamp:4)
  A yak (Lair:4)
  A dancing weapon (D:10)
  7 nagas
  A swamp worm (Swamp:4)
  A water moccasin (Lair:3)
  A centaur (D:8)
  4 jellies (Lair:4)
  2 orcs (Orc:1)
  12 foxfires (Swamp:4)
  4 starspawn tentacles (Abyss:1)
61 creatures vanquished.

Grand Total: 271 creatures vanquished

Notes
Turn   | Place    | Note
-------+----------+-------------------------------------------
     0 | D:1      | shadowrider38 the Spriggan Enchanter began the quest for
                  | the Orb.
     0 | D:1      | Reached XP level 1. HP: 9/9 MP: 5/5
    97 | D:3      | Noticed an orc priest
   131 | D:4      | You fall into a shaft and drop 2 floors!
   134 | D:6      | Found a bloodstained altar of Trog.
   134 | D:6      | Noticed an ogre
   149 | D:6      | Killed an ogre
   150 | D:6      | Reached skill level 6 in Stealth
   150 | D:6      | Reached skill level 7 in Stealth
   150 | D:6      | Reached XP level 2. HP: 14/14 MP: 6/6
   150 | D:6      | Reached XP level 3. HP: 18/18 MP: 8/8
   150 | D:6      | Reached XP level 4. HP: 22/22 MP: 9/9
   163 | D:6      | Noticed a black bear
   217 | D:6      | Noticed a phantom
   237 | D:6      | Noticed a bullfrog
   243 | D:6      | Killed a bullfrog
   244 | D:6      | Reached skill level 8 in Stealth
   244 | D:6      | Reached XP level 5. HP: 25/25 MP: 10/10
   290 | D:6      | Learned a level 2 spell: Ensorcelled Hibernation
   290 | D:6      | shadowrider38: @?bullfrog
   290 | D:6      | beem: bullfrog (F)
                  | Spd: 15 (swim: 60%)
                  | HD:
     4 | HP:      | 19-26
                  | AC/EV: 0/12
                  | Dam: 9
                  | amphibious, cold-blooded
                  | | Res: will(20), drown
                  | Corpse
                  | XP:
    90 | Sz: Medium | Int:
                  | animal.
   314 | D:6      | shadowrider38: @?bombardier beetle
   314 | D:6      | beem: unknown monster: "bombardier beetle"
   331 | D:5      | Entered Level 5 of the Dungeon
   564 | D:5      | Learned a level 3 spell: Tukima's Dance
   622 | D:4      | shadowrider38: @?hound
   622 | D:4      | beem: hound (h)
                  | Spd:
    15 | HD: 3    | HP: 14-19
                  | AC/EV: 2/13
                  | | Dam: 6
                  | see invisible
                  | Res: will(10), blind
                  | Corpse
                  | | XP:
    42 | Sz: small | Int: animal.
  1061 | D:3      | Noticed Sigmund
  1070 | D:3      | Killed Sigmund
  1071 | D:3      | Reached skill level 10 in Stealth
  1071 | D:3      | Reached XP level 6. HP: 29/30 MP: 0/11
  1620 | D:1      | Found Ymemp's Armour Boutique.
  1857 | D:1      | shadowrider38: hey
  1935 | D:1      | CougarLife: yo
  1957 | D:2      | CougarLife: idk how much ill watch im hella tired and sick
  1957 | D:2      | CougarLife: might have to go lay down
  1957 | D:2      | shadowrider38: aww sorry to hear
  1999 | D:2      | shadowrider38: hope you feel better soon
  2541 | D:3      | Learned a level 3 spell: Confusing Touch
  2699 | D:3      | shadowrider38: @?orc priest
  2699 | D:3      | beem: orc priest (o)
                  | Spd:
    10 | HD: 3    | HP: 13-18
                  | AC/EV:
                  | 2/9
                  | Dam: 3
                  | weapons, items, doors, priest, evil
                  | Res:
                  | will(20)
                  | Corpse
                  | XP: 41
                  | Sp: cantrip [!AM], pain (d14)
                  | [!AM], smiting (7-17) [!AM], heal other (2d1+3) [!AM]
                  | Sz:
                  | Medium
                  | Int: human.
  3105 | D:4      | Found a staircase to the Ecumenical Temple.
  3111 | Temple   | Found a transporter.
  3111 | Temple   | Found a transporter.
  3111 | Temple   | Found a transporter.
  3111 | Temple   | Found a transporter.
  3111 | Temple   | Entered the Ecumenical Temple
  3134 | Temple   | Became a worshipper of Zin the Law-Giver
  3134 | Temple   | Reached * piety under Zin
  3247 | D:4      | Noticed Robin
  3362 | D:5      | Found a white marble altar of Elyvilon.
  3363 | D:5      | Noticed a water moccasin
  3365 | D:5      | shadowrider38: @?water moccasin
  3365 | D:5      | beem: water moccasin (S)
                  | Spd: 14 (swim: 60%)
                  | HD: 5
                  | | HP: 23-32
                  | AC/EV: 2/15
                  | Dam: 10(poison:10-20)
                  | | amphibious, cold-blooded
                  | Res: will(20), poison, drown
                  | | Corpse
                  | XP:
   149 | Sz: small | Int: animal.
  3407 | D:5      | Killed a water moccasin
  3408 | D:5      | Reached skill level 3 in Dodging
  3408 | D:5      | Reached skill level 3 in Spellcasting
  3421 | D:5      | Fell from the grace of Zin
  3421 | D:5      | Became a worshipper of Elyvilon the Healer
  4143 | D:6      | shadowrider38: @?centaur
  4143 | D:6      | beem: centaur (c)
                  | Spd:
    15 | HD: 4    | HP: 19-26
                  | AC/EV:
                  | 3/7
                  | Dam: 7, 3
                  | weapons, items, doors, archer
                  | Res:
                  | will(20)
                  | Corpse
                  | XP:
   112 | Sz: Large | Int: human.
  4186 | D:6      | Reached * piety under Elyvilon
  4497 | D:6      | Noticed Blork the orc
  4498 | D:6      | shadowrider38: @?blork
  4498 | D:6      | beem: unknown monster: "blork"
  4498 | D:6      | shadowrider38: @?blork the orc
  4498 | D:6      | beem: Blork the orc (o)
                  | Spd:
    10 | HD: 3    | HP: 27-36
                  | | AC/EV: 2/9
                  | Dam: 7
                  | weapons, items, doors, spellcaster
                  | | Res: will(20)
                  | Corpse
                  | XP: 95
                  | Sp: cantrip, magic dart
                  | (3d4), throw frost (3d5), throw flame (3d5), haste
                  | Sz:
                  | Medium
                  | Int: human.
  4715 | D:6      | Noticed a sky beast
  4716 | D:6      | shadowrider38: @?sky beast
  4716 | D:6      | beem: sky beast (Y)
                  | Spd:
    10 | HD: 5    | HP: 23-32
                  | AC/EV:
                  | 3/13
                  | Dam: 5(elec:5-6)
                  | fly
                  | Res: will(20), elec+++
                  | | Corpse
                  | XP:
   130 | Sz: Large | Int: animal.
  4837 | D:6      | shadowrider38: @?black bear
  4837 | D:6      | beem: black bear (h)
                  | Spd:
    10 | HD: 6    | HP: 23-31
                  | AC/EV:
                  | 2/8
                  | Dam: 9, 5, 5
                  | Res: will(20)
                  | Corpse
                  | XP:
   128 | Sp:      | berserker rage [!AM, !sil, emergency]
                  | Sz: Medium
                  | Int:
                  | animal.
  4839 | D:6      | Reached XP level 7. HP: 32/33 MP: 7/12
  5043 | D:7      | Noticed a steam dragon
  5141 | D:7      | Reached skill level 3 in Invocations
  5261 | D:7      | CougarLife: what are the two white effects you have? zot
                  | and gem
  5334 | D:7      | Noticed Maurice
  5335 | D:7      | shadowrider38: @?maurice
  5335 | D:7      | beem: Maurice (@)
                  | Spd:
    10 | HD: 5    | HP: 47-68
                  | AC/EV:
                  | 2/13
                  | Dam: 9(steal)
                  | weapons, items, doors, spellcaster
                  | | Res: will(20)
                  | Corpse
                  | XP: 469
                  | Sp: sprint,
                  | invisibility, blink
                  | Sz: Medium
                  | Int: human.
  5335 | D:7      | shadowrider38: zot is the zot clock
  5335 | D:7      | shadowrider38: gem is how many turns i have until the gem
                  | in the current branch shatters
  5335 | D:7      | CougarLife: ah
  5335 | D:7      | shadowrider38: there is an option to add in rcfile
  5335 | D:7      | CougarLife: timers for people who like to go fast right?
  5335 | D:7      | shadowrider38: sort of
  5335 | D:7      | shadowrider38: zot clock has never affected me but
  5335 | D:7      | shadowrider38: just in case it gets low
  5335 | D:7      | shadowrider38: i havent gone for gems too much i just have
                  | it on
  5336 | D:7      | shadowrider38: ??polymorph
  5336 | D:7      | beem: polymorph[1/5]: Gives you a random form, usually bad,
                  | and changes monsters into other monsters, likely to be
                  | harder but without equipment.
  5473 | D:7      | Maurice stole 11 boomerangs
  5476 | D:7      | Killed Maurice
  5477 | D:7      | Reached XP level 8. HP: 25/37 MP: 9/13
  5758 | D:7      | Reached ** piety under Elyvilon
  5764 | D:7      | Noticed Pikel
  5765 | D:7      | shadowrider38: @?pikel
  5765 | D:7      | beem: Pikel (K)
                  | Spd:
    10 | HD: 6    | HP: 33-45
                  | AC/EV: 6/12
                  | | Dam: 9
                  | items, doors
                  | Res: will(20)
                  | Corpse
                  | XP: 641
                  | | Sz: Medium
                  | Int: human.
  6078 | D:7      | shadowrider38: hah uh oh
  6281 | D:7      | CougarLife: whatd you run into i was lookin at the wiki
  6281 | D:7      | shadowrider38: i went up to the steam dragon to stab
  6281 | D:7      | shadowrider38: and he woke up as i walked next to him lol
  6281 | D:7      | CougarLife: oof
  6305 | D:7      | CougarLife: oh my last run that i won there was like 4-5
                  | OOFs on z1
  6305 | D:7      | CougarLife: shit was crazy
  6305 | D:7      | shadowrider38: yikes
  6305 | D:7      | CougarLife: there was no more thankfully until z5
  6305 | D:7      | shadowrider38: was it an ambush?
  6305 | D:7      | shadowrider38: or just wandering
  6305 | D:7      | CougarLife: they were wandering i think
  6305 | D:7      | shadowrider38: thats tough
  6305 | D:7      | shadowrider38: why i always dive :)
  6305 | D:7      | shadowrider38: zot
  6305 | D:7      | CougarLife: yeah...
  6305 | D:7      | CougarLife: my brains too smooth and i was a mibe with 51
                  | ac and 40 sh
  6315 | D:7      | Killed Pikel
  6318 | D:7      | CougarLife: full resists pretty much cuz of dragon king
                  | scales
  6340 | D:7      | CougarLife: ran out of mut pots by the time i got to the
                  | orb tho luckily no really dangerous muts
  6340 | D:7      | shadowrider38: heh dragon king scales are kinda cool
  6340 | D:7      | CougarLife: yeah i thought so too
  6340 | D:7      | CougarLife: was my first time seeing them
  6560 | D:7      | shadowrider38: if im wearing heavy armor its the best in
                  | the slot imo
  6560 | D:7      | shadowrider38: for the most part
  6595 | D:7      | CougarLife: yeah it was giving me 35 ac i think? or
                  | somethin around there
  6601 | D:7      | CougarLife: and huge resists
  6604 | D:7      | Reached XP level 9. HP: 42/42 MP: 11/14
  6621 | D:7      | shadowrider38: dang
  6621 | D:7      | shadowrider38: i wanted those steam dragon scales
  6627 | D:7      | CougarLife: how many have you killed so far
  6627 | D:7      | shadowrider38: just 2
  6627 | D:7      | shadowrider38: thats already one too many >:(
  6627 | D:7      | CougarLife: havent you seen more than 2?:
  6627 | D:7      | CougarLife: ah
  6627 | D:7      | CougarLife: right pacifist
  6762 | D:7      | shadowrider38: its ok they are good xp
  6762 | D:7      | shadowrider38: but i happen to have 4 enchant armor
  6762 | D:7      | shadowrider38: @?steam dragon
  6762 | D:7      | beem: steam dragon (D)
                  | Spd:
    10 | HD: 4    | HP: 23-34
                  | | AC/EV: 5/10
                  | Dam: 12, 6
                  | fly
                  | Res: will(20), steam
                  | | Corpse
                  | XP: 184
                  | Sp: steam ball (3d10) [!AM, !sil,
                  | breath]
                  | Sz: Large
                  | Int: animal.
  6762 | D:7      | CougarLife: did you start d1 at lvl 6 btw did i see that
                  | right earlier
  6767 | D:7      | shadowrider38: heh
  6767 | D:7      | shadowrider38: i dove down some levels and came back up
  6767 | D:7      | CougarLife: ahh
  6767 | D:7      | shadowrider38: first kill was an ogre
  6767 | D:7      | CougarLife: that gives you 6 lvls??
  6771 | D:7      | CougarLife: jesus
  6779 | D:7      | shadowrider38: uh probably not
  6779 | D:7      | shadowrider38: sigmund helped
  6779 | D:7      | CougarLife: ah
  6779 | D:7      | CougarLife: 4 lvls
  6779 | D:7      | shadowrider38: and maybe a black bear
  6779 | D:7      | CougarLife: yeah sigmund will do that
  6779 | D:7      | CougarLife: i always fight sigmund
  6779 | D:7      | CougarLife: i greed for the xp every time
  6779 | D:7      | CougarLife: whether its d2 or d4
  6779 | D:7      | shadowrider38: heh
  6779 | D:7      | CougarLife: prolly why i only have 3 wins lol
  6779 | D:7      | shadowrider38: sigmund is a little scary
  6779 | D:7      | shadowrider38: but lots of xp if you can win!
  6783 | D:7      | CougarLife: yeah usually 2 whole xl
  6793 | D:7      | CougarLife: if you find him early
  6831 | D:8      | CougarLife: how did you kill the ogre without stealth
                  | leveled and without hibernation
  6831 | D:8      | shadowrider38: a potion of invis
  6831 | D:8      | CougarLife: did you randomly find it by quaffing?
  6831 | D:8      | CougarLife: or do you start with one
  6831 | D:8      | shadowrider38: start with two as a spen!
  6831 | D:8      | shadowrider38: easily i could have died
  6831 | D:8      | CougarLife: ahhhhhhhhhh
  6875 | D:8      | CougarLife: nah easier to do than that z5 last night for
                  | sure lmao
  6875 | D:8      | shadowrider38: heh
  6875 | D:8      | shadowrider38: that was more fun tbh
  6875 | D:8      | shadowrider38: i honestly was not mad about how it went
  6916 | D:8      | Noticed Prince Ribbit
  6921 | D:8      | shadowrider38: @?ribbit
  6921 | D:8      | beem: unknown monster: "ribbit"
  6921 | D:8      | shadowrider38: @?prince ribbit
  6921 | D:8      | beem: Prince Ribbit (F)
                  | Spd: 14 (swim: 60%)
                  | HD:
     6 | HP:      | 33-45
                  | AC/EV: 0/16
                  | Dam: 20
                  | amphibious, cold-blooded
                  | | Res: will(40), drown
                  | Corpse
                  | XP: 273
                  | Sp: blink [!sil]
                  | | Sz: Medium
                  | Int: human.
  6975 | D:8      | shadowrider38: i play roguelikes for the glorious deaths
  6975 | D:8      | shadowrider38: wins are not very memorable
  7285 | D:8      | CougarLife: im sure that win would have been memorable
  7353 | D:8      | shadowrider38: perhaps
  7353 | D:8      | CougarLife: what constitutes a glorious death for you
  7353 | D:8      | shadowrider38: hmm
  7353 | D:8      | shadowrider38: i dont know if i really have that many in
                  | crawl
  7353 | D:8      | shadowrider38: usually i say that because i used to play a
                  | ridiculous amount of nethack
  7353 | D:8      | shadowrider38: if you are familiar with that game
  7392 | D:8      | shadowrider38: which is infamous for having a stupid amount
                  | of quirky mechanics
  7412 | D:7      | CougarLife: nethacks a little before my time
  7433 | D:8      | CougarLife: it came out 10 years before i was born lol
  7433 | D:8      | shadowrider38: well
  7433 | D:8      | shadowrider38: it came out 15 years before i was born
  7433 | D:8      | shadowrider38: im a nerd ig
  7488 | D:7      | CougarLife: i recognize the tileset
  7548 | D:7      | CougarLife: i think it was too.... early form for me
  7559 | D:7      | shadowrider38: heh
  7559 | D:7      | CougarLife: i could prolly enjoy watching somebody play it
                  | similarly that i can dwarf fortress but not play it myself
  7559 | D:7      | shadowrider38: i watched a video about some guy who was
                  | speedrunning it during covid
  7559 | D:7      | shadowrider38: and was like
  7559 | D:7      | shadowrider38: i have no idea what is happening but it
                  | looks like he is hacking the mainframe
  7559 | D:7      | shadowrider38: so i have to learn this game if its the last
                  | thing i do
  8280 | D:7      | CougarLife: those howlers are a pain in the ass
  8290 | D:7      | shadowrider38: yeah this is irksome
  8290 | D:7      | shadowrider38: i know the right thing to do is keep doing
                  | this garbage until i get a kill on ribbit
  8290 | D:7      | shadowrider38: but optimal gameplay is annoying ah
  8423 | D:9      | Noticed Harold
  8424 | D:9      | shadowrider38: @?harold
  8424 | D:9      | beem: Harold (@)
                  | Spd:
    10 | HD: 9    | HP: 64-88
                  | AC/EV: 6/6
                  | | Dam: 20
                  | weapons, items, doors, fighter, spellcaster
                  | | Res: will(60)
                  | Corpse
                  | XP: 872
                  | Sp: harpoon shot (2d12),
                  | sentinel's mark
                  | Sz: Medium
                  | Int: human.
  8444 | D:9      | Noticed Erolcha
  8479 | D:9      | shadowrider38: this floor is nasty
  8654 | D:8      | shadowrider38: dang
  8743 | D:8      | shadowrider38: @?bee
  8743 | D:8      | beem: unknown monster: "bee"
  8743 | D:8      | shadowrider38: @?killer bee
  8743 | D:8      | beem: killer bee (y)
                  | Spd:
    20 | HD: 3    | HP: 14-19
                  | AC/EV:
                  | 2/18
                  | Dam: 10(poison:6-12)
                  | fly
                  | Res: will(10)
                  | Vul:
                  | poison
                  | Corpse
                  | XP:
    62 | Sz: tiny | Int: animal.
  9151 | D:8      | Prince Ribbit changed into Prince Ribbit the rime drake
  9151 | D:8      | Noticed Prince Ribbit
  9152 | D:8      | Pacified Prince Ribbit the rime drake
  9153 | D:8      | shadowrider38: oh
  9153 | D:8      | shadowrider38: that was stupid
  9153 | D:8      | CougarLife: did you poly prince ribbit?
  9153 | D:8      | shadowrider38: yeah
  9153 | D:8      | shadowrider38: that was fine
  9153 | D:8      | shadowrider38: i pacified him
  9153 | D:8      | shadowrider38: with the closest stairs being to the left of
                  | me
  9153 | D:8      | shadowrider38: so this guy will attack me
  9153 | D:8      | shadowrider38: trying to get to the stairs
  9153 | D:8      | CougarLife: whats the net chance
  9674 | D:9      | Noticed Amaemon
  9675 | D:9      | Noticed an orange demon
  9676 | D:9      | shadowrider38: jeez
  9676 | D:9      | shadowrider38: this floor is crazy
  9676 | D:9      | CougarLife: yea
  9681 | D:9      | Killed an orange demon
  9682 | D:9      | Reached skill level 3 in Fighting
  9711 | D:9      | Killed Amaemon
  9713 | D:9      | shadowrider38: no bueno
  9772 | D:9      | Reached skill level 3 in Short Blades
  9772 | D:9      | Reached skill level 11 in Stealth
  9881 | D:9      | shadowrider38: theres my scales ig
  9881 | D:9      | shadowrider38: @?wyvern
  9881 | D:9      | beem: wyvern (l)
                  | Spd:
    15 | HD: 5    | HP: 23-32
                  | AC/EV:
                  | 5/10
                  | Dam: 20
                  | fly
                  | Res: will(20)
                  | Corpse
                  | XP: 207
                  | | Sz: Large
                  | Int: animal.
  9881 | D:9      | CougarLife: yippee scales
  9988 | D:9      | shadowrider38: wait this sucks
  9988 | D:9      | shadowrider38: nvm
  9988 | D:9      | CougarLife: yeah its bad
  9988 | D:9      | CougarLife: until u do z5 i guess
  9988 | D:9      | CougarLife: might not be bad for orb run
  9988 | D:9      | shadowrider38: yeah ill come back later maybe
  9988 | D:9      | shadowrider38: if i get that far
  9988 | D:9      | CougarLife: good for loud melee characters tho
  9988 | D:9      | CougarLife: :)
  9988 | D:9      | shadowrider38: for sure
  9988 | D:9      | shadowrider38: thats why i got excited
  9988 | D:9      | shadowrider38: never realized it has stealth-- because who
                  | cares about stealth
  9994 | D:10     | Entered Level 10 of the Dungeon
 10036 | D:10     | Found a flagged portal.
 10108 | D:10     | Identified the staff of Mana {rPois Conj}
 10119 | Bailey   | Entered a bailey
 10120 | Bailey   | shadowrider38: im gonna check what bailey this is
 10120 | Bailey   | CougarLife: what could possibly be in here that you want
 10120 | Bailey   | shadowrider38: xp pot would be pretty cool
 10120 | Bailey   | shadowrider38: idk if i really have the stuff to be able to
                  | get through it tho
 10120 | Bailey   | CougarLife: ive only seen an xp pot once in the last idk
                  | how many runs
 10120 | Bailey   | CougarLife: not even worth looking in here for it imo
 10120 | Bailey   | shadowrider38: there are a bunch of baileys that have
                  | guaranteed xp pots and acquirement
 10120 | Bailey   | shadowrider38: not this one tho it looks like
 10120 | Bailey   | shadowrider38: "any good_item"
 10120 | Bailey   | shadowrider38: what does that mean lol
 10120 | Bailey   | CougarLife: probably a loot table if i had to guess
 10120 | Bailey   | CougarLife: one that we likely dont care about
 10120 | Bailey   | CougarLife: for this run anyway
 10120 | Bailey   | shadowrider38: yeah im gonna leave
 10120 | Bailey   | shadowrider38: kinda curious what they are tho
 10309 | D:10     | shadowrider38: @?yak
 10309 | D:10     | beem: yak (Y)
                  | Spd:
    10 | HD: 7    | HP: 32-44
                  | AC/EV: 4/7
                  | | Dam: 18
                  | Res: will(20)
                  | Corpse
                  | XP:
   204 | Sz: Large | | Int: animal.
 10323 | D:10     | Reached *** piety under Elyvilon
 10323 | D:10     | Noticed a komodo dragon
 10324 | D:10     | Pacified a komodo dragon
 10325 | D:10     | Reached skill level 12 in Stealth
 10325 | D:10     | Reached XP level 10. HP: 49/49 MP: 14/17
 10590 | D:10     | Found a staircase to the Lair.
 10593 | D:10     | Noticed Sonja
 10594 | D:10     | shadowrider38: @?sonja
 10594 | D:10     | beem: Sonja (K)
                  | Spd:
    14 | HD: 6    | HP: 23-34
                  | AC/EV: 2/24
                  | | Dam: 9, 5, 5
                  | weapons, items, doors, spellcaster
                  | Res:
                  | will(10)
                  | Corpse
                  | XP:
   779 | Sp: blink | Sz: small
                  | Int:
                  | human.
 10594 | D:10     | Pacified Sonja
 10611 | D:10     | Noticed a two-headed ogre
 10637 | D:10     | shadowrider38: stupid layout
 10743 | D:10     | shadowrider38: @?troll
 10743 | D:10     | beem: troll (T)
                  | Spd:
    10 | HD: 7    | HP: 32-44
                  | AC/EV: 3/10
                  | | Dam: 20, 15(claw), 15(claw)
                  | doors, regen
                  | Res:
                  | will(20)
                  | Corpse
                  | XP:
   304 | Sz: Large | Int: human.
 11066 | D:10     | Killed a two-headed ogre
 11067 | D:10     | Reached skill level 9 in Invocations
 11140 | D:10     | Noticed Psyche
 11198 | D:10     | Killed Psyche
 11332 | Lair:1   | Entered Level 1 of the Lair of Beasts
 11409 | Lair:1   | Noticed a black mamba
 11410 | Lair:1   | Pacified a black mamba
 11493 | Lair:1   | shadowrider38: @?basilisk
 11493 | Lair:1   | beem: basilisk (l)
                  | Spd:
    10 | HD: 6    | HP: 30-42
                  | AC/EV:
                  | 3/12
                  | Dam: 20
                  | cold-blooded
                  | Res: will(20)
                  | Corpse
                  | | XP: 192
                  | Sp: petrify [!sil]
                  | Sz: little
                  | Int: animal.
 11494 | Lair:1   | shadowrider38: @?blink frog
 11494 | Lair:1   | beem: blink frog (F)
                  | Spd: 14 (swim: 60%)
                  | HD:
     6 | HP:      | 28-38
                  | AC/EV: 0/16
                  | Dam: 20(blink self)
                  | amphibious,
                  | cold-blooded
                  | Res: will(40), drown
                  | Corpse
                  | XP: 264
                  | | Sp: blink [!sil]
                  | Sz: Medium
                  | Int: animal.
 11688 | Lair:2   | Found a runed translucent gate.
 11689 | Lair:2   | Found a runed translucent gate.
 11691 | Lair:2   | Found a runed translucent gate.
 11692 | Lair:2   | Noticed wingedge's ghost (journeyman DgEE)
 11692 | Lair:2   | Noticed velxir3's ghost (journeyman KoRe)
 11693 | Lair:2   | Noticed aaron's ghost (journeyman GnWn)
 11792 | Lair:2   | Identified the +4 chain mail of the Vaults {Str+3}
 11858 | Lair:2   | Noticed a cane toad
 11861 | Lair:2   | shadowrider38: @?cane toad
 11861 | Lair:2   | beem: cane toad (F)
                  | Spd: 12 (swim: 60%)
                  | HD:
     7 | HP:      | 32-44
                  | AC/EV: 6/9
                  | Dam: 26(poison:14-28)
                  | amphibious,
                  | cold-blooded
                  | Res: will(20), poison, drown
                  | Corpse
                  | XP: |
   408 | Sz: Medium | Int: animal.
 11895 | Lair:3   | shadowrider38: @?hornet
 11895 | Lair:3   | beem: hornet (y)
                  | Spd:
    15 | HD: 6    | HP: 28-38
                  | AC/EV:
                  | 6/14
                  | Dam: 18(paralyse)
                  | fly
                  | Res: will(30)
                  | Vul:
                  | poison
                  | Corpse
                  | XP:
   282 | Sz: tiny | Int: animal.
 11912 | Lair:3   | Found a staircase to the Snake Pit.
 12063 | Lair:2   | Reached XP level 11. HP: 43/52 MP: 11/19
 12537 | Lair:2   | shadowrider38: im gonna go eat and stuff
 12537 | Lair:2   | shadowrider38: cya!
 13419 | Lair:2   | Reached skill level 13 in Stealth
 13677 | Lair:3   | shadowrider38: @?elephant
 13677 | Lair:3   | beem: elephant (Y)
                  | Spd:
    10 | HD: 9    | HP: 57-77
                  | AC/EV:
                  | 8/2
                  | Dam: 20(trample), 5
                  | Res: will(60)
                  | Corpse
                  | XP: |
   481 | Sz: Giant | Int: animal.
 13679 | Lair:3   | Found a staircase to the Swamp.
 13834 | Lair:3   | shadowrider38: @?komodo dragon
 13834 | Lair:3   | beem: komodo dragon (l)
                  | Spd: 10 (swim: 60%)
                  | HD:
     8 | HP:      | 37-51
                  | AC/EV: 7/8
                  | Dam: 34
                  | amphibious, cold-blooded
                  | | Res: will(40), drown
                  | Corpse
                  | XP:
   361 | Sz: Large | Int:
                  | animal.
 13956 | Lair:3   | Noticed a skyshark
 13976 | Lair:3   | Pacified a skyshark
 14112 | Lair:3   | Noticed Rupert
 14217 | Lair:3   | Killed Rupert
 14218 | Lair:3   | Reached skill level 9 in Dodging
 14218 | Lair:3   | Reached skill level 14 in Stealth
 14959 | Lair:4   | Noticed a seven-headed hydra
 14969 | Lair:4   | Pacified a seven-headed hydra
 15250 | Lair:4   | Noticed a death yak
 15255 | Lair:4   | shadowrider38: @?death yak
 15255 | Lair:4   | beem: death yak (Y)
                  | Spd:
    10 | HD: 14   | HP: 65-88
                  | AC/EV:
                  | 9/5
                  | Dam: 30
                  | Res: will(100)
                  | Corpse
                  | XP:
   811 | Sz:      | Large
                  | Int: animal.
 15526 | Lair:4   | Noticed a death yak
 15526 | Lair:4   | Noticed a death yak
 15526 | Lair:4   | Noticed a death yak
 15526 | Lair:4   | Noticed a death yak
 15556 | Lair:4   | Pacified a death yak
 15802 | Lair:4   | Pacified a death yak
 15803 | Lair:4   | Reached XP level 12. HP: 58/58 MP: 18/21
 15805 | Lair:4   | Killed a death yak
 15837 | Lair:4   | Pacified a death yak
 15869 | Lair:4   | Pacified a death yak
 15870 | Lair:4   | Reached skill level 15 in Stealth
 15882 | Lair:4   | Killed a death yak
 16318 | Lair:4   | Pacified a death yak
 16370 | Lair:4   | Found a viscous altar of Jiyva.
 16481 | Lair:5   | Entered Level 5 of the Lair of Beasts
 16766 | Lair:5   | Reached **** piety under Elyvilon
 17251 | D:11     | Noticed a boulder beetle
 17253 | D:11     | Pacified a boulder beetle
 17276 | D:11     | Found a staircase to the Orcish Mines.
 17378 | D:11     | Found a frozen archway.
 17432 | IceCv    | Entered an ice cave
 17461 | D:10     | Noticed Snorg
 17464 | D:10     | shadowrider38: @?snorg
 17464 | D:10     | beem: Snorg (T)
                  | Spd:
    10 | HD: 8    | HP: 80-110
                  | AC/EV:
                  | 0/10
                  | Dam: 20, 15(claw), 15(claw)
                  | doors, regen
                  | Res:
                  | will(60)
                  | Corpse
                  | XP: 943
                  | Sp: berserker rage [!AM,
                  | !sil]
                  | Sz: Large
                  | Int: human.
 17465 | D:10     | Killed Snorg
 17589 | D:10     | Noticed a two-headed ogre
 17621 | D:10     | Killed a two-headed ogre
 18118 | D:11     | Found an iron altar of Okawaru.
 18705 | D:12     | shadowrider38: @?deep elf pyromancer
 18705 | D:12     | beem: deep elf pyromancer (e)
                  | Spd:
    10 | HD: 9    | HP: 34-47
                  | | AC/EV: 1/12
                  | Dam: 5
                  | weapons, items, doors, spellcaster
                  | | Res: will(40)
                  | Corpse
                  | XP: 601
                  | Sp: sticky flame range
                  | (3d5), b.fire (3d17), sum.fire elementals, blink
                  | Sz:
                  | Medium
                  | Int: human.
 18999 | D:12     | shadowrider38: @?cyclops
 18999 | D:12     | beem: cyclops (C)
                  | Spd:
     7 | HD: 9    | HP: 42-57
                  | AC/EV: 5/3
                  | | Dam: 35
                  | items, doors
                  | Res: will(40)
                  | Corpse
                  | XP: 531
                  | | Sz: Giant
                  | Int: human.
 19151 | D:12     | shadowrider38: @?gargoyle
 19151 | D:12     | beem: gargoyle (9)
                  | Spd:
    10 | HD: 6    | HP: 23-31
                  | AC/EV:
                  | 18/6
                  | Dam: 20
                  | non-living, items, doors, fly, unbreathing
                  | | Res: will(40), elec, poison+++, drown, miasma, neg+++,
                  | torm
                  | XP: 415
                  | Sp: stone arrow (3d12) [!AM, !sil]
                  | Sz:
                  | Medium
                  | Int: human.
 19172 | D:12     | Noticed a catoblepas
 19174 | D:12     | shadowrider38: @?catoblepas
 19174 | D:12     | beem: catoblepas (Y)
                  | Spd:
    10 | HD: 14   | HP: 65-88
                  | | AC/EV: 10/2
                  | Dam: 36
                  | Res: will(100)
                  | Corpse
                  | XP: 844
                  | | Sp: petrifying cloud (2d6) [!AM, !sil]
                  | Sz: Large
                  | Int:
                  | animal.
 19174 | D:12     | Pacified a catoblepas
 19340 | D:13     | Found Wapsoe Quga's Book Boutique.
 19340 | D:13     | Noticed a walking earthen tome
 19342 | D:13     | Reached ***** piety under Elyvilon
 19342 | D:13     | Noticed a walking crystal tome
 19356 | D:13     | Found Wix Moen's Distillery.
 19356 | D:13     | Noticed a boulder beetle
 19395 | D:13     | Noticed a boulder beetle
 19399 | D:13     | Noticed a centaur warrior
 19413 | D:13     | Pacified a boulder beetle
 19618 | D:13     | Pacified a boulder beetle
 19642 | D:13     | Bought a potion of heal wounds for 55 gold pieces
 19642 | D:13     | shadowrider38: @?centaur warrior
 19642 | D:13     | beem: centaur warrior (c)
                  | Spd:
    15 | HD: 10   | HP: 46-63
                  | | AC/EV: 4/8
                  | Dam: 16, 5
                  | weapons, items, doors, fighter,
                  | archer
                  | Res: will(40)
                  | Corpse
                  | XP:
   836 | Sz: Large | | Int: human.
 19665 | D:13     | Noticed Urug
 19667 | D:13     | shadowrider38: @?urug
 19667 | D:13     | beem: Urug (o)
                  | Spd:
    10 | HD: 9    | HP: 57-77
                  | AC/EV: 9/11
                  | | Dam: 25
                  | weapons, items, doors, fighter
                  | Res: will(40)
                  | | Corpse
                  | XP:
   793 | Sz: Medium | Int: human.
 19680 | D:13     | Pacified Urug
 19681 | D:13     | Reached skill level 3 in Ice Magic
 19864 | D:13     | Found Qatuah's Magic Scroll Emporium.
 19868 | D:13     | Bought a scroll of teleportation for 30 gold pieces
 19868 | D:13     | Bought a scroll of fear for 40 gold pieces
 19969 | D:13     | shadowrider38: @?unseen horror
 19969 | D:13     | beem: unseen horror (x)
                  | Spd:
    30 | HD: 7    | HP: 32-44
                  | | AC/EV: 5/10
                  | Dam: 12
                  | see invisible
                  | Res: will(20)
                  | XP: |
   385 | Sz: Medium | Int: animal.
 20161 | D:13     | shadowrider38: @?vampire
 20161 | D:13     | beem: vampire (V)
                  | Spd:
    10 | HD: 6    | HP: 28-38
                  | AC/EV:
                  | 10/10
                  | Dam: 15, 15(vampiric)
                  | undead, weapons, items,
                  | doors, evil, spellcaster, see invisible, unbreathing
                  | Res:
                  | will(40), cold, poison+++, drown, miasma, neg+++, torm
                  | | Vul: holy
                  | XP: 212
                  | Sp: vampiric draining (4-22),
                  | confuse, invisibility
                  | Sz: Medium
                  | Int: human.
 20341 | D:13     | Noticed an eight-headed hydra
 20345 | D:13     | Pacified an eight-headed hydra
 20495 | D:14     | shadowrider38: @?ugly thing
 20495 | D:14     | beem: purple ugly thing (u)
                  | Spd: 10 (move: 90%)
                  | HD: 12
                  | | HP: 55-76
                  | AC/EV: 4/10
                  | Dam: 22
                  | doors
                  | Res: will(40)
                  | | Vul: silver
                  | Corpse
                  | XP:
   556 | Sz: Medium | Int:
                  | animal.
 20521 | D:14     | Noticed a centaur warrior
 20530 | D:14     | Killed a centaur warrior
 20976 | D:14     | Noticed a seven-headed hydra
 20983 | D:14     | Killed a seven-headed hydra
 21078 | D:14     | Noticed a boulder beetle
 21084 | D:14     | Pacified a boulder beetle
 21085 | D:14     | Reached XP level 13. HP: 66/66 MP: 16/23
 21330 | D:15     | Entered Level 15 of the Dungeon
 21333 | D:14     | shadowrider38: @?boggart
 21333 | D:14     | beem: boggart (g)
                  | Spd:
    12 | HD: 4    | HP: 15-23
                  | AC/EV:
                  | 0/12
                  | Dam: 5
                  | weapons, items, doors, spellcaster, see
                  | invisible
                  | Res: will(40)
                  | XP: 117
                  | Sp: shadow creatures,
                  | invisibility, blink
                  | Sz: little
                  | Int: human.
 21375 | D:15     | shadowrider38: @?meliai
 21375 | D:15     | beem: meliai (y)
                  | Spd:
    20 | HD: 7    | HP: 21-28
                  | AC/EV:
                  | 4/14
                  | Dam: 14, 12(poison:14-28)
                  | weapons, items, doors,
                  | priest, evil, fly
                  | Res: will(20)
                  | Vul: poison
                  | Corpse
                  | | XP: 300
                  | Sp: smiting (7-17) [!AM], heal other (2d3+3)
                  | [!AM]
                  | Sz: small
                  | Int: human.
 21637 | D:15     | shadowrider38: @?ogre mage
 21637 | D:15     | beem: ogre mage (O)
                  | Spd: 10 (atk: 150%)
                  | HD:
    10 | HP:      | 46-63
                  | AC/EV: 3/7
                  | Dam: 16
                  | weapons, items, doors,
                  | spellcaster, see invisible
                  | Res: will(80)
                  | Corpse
                  | XP:
                  | 849
                  | Sp: b.magma (3d18), haste other, paralyse,
                  | invisibility
                  | Sz: Large
                  | Int: human.
 21637 | D:15     | shadowrider38: @?two-hedaded ogre
 21637 | D:15     | beem: unknown monster: "two-hedaded ogre"
 21637 | D:15     | shadowrider38: @?two-headed ogr
 21637 | D:15     | beem: unknown monster: "two-headed ogr"
 21637 | D:15     | shadowrider38: @?two-headed ogre
 21637 | D:15     | beem: two-headed ogre (O)
                  | Spd: 10 (atk: 150%)
                  | HD: 10
                  | | HP: 46-63
                  | AC/EV: 3/6
                  | Dam: 20, 15
                  | items, doors,
                  | two-weapon
                  | Res: will(40)
                  | Corpse
                  | XP:
   824 | Sz: Large | | Int: human.
 21692 | D:15     | shadowrider38: @?wolf spider simulacrum
 21692 | D:15     | beem: wolf spider simulacrum (Z)
                  | Spd:
13 | HD:
    11 | HP:      | 27-38
                  | AC/EV: 1/5
                  | Dam: 20(cold:11-32), 12(cold:11-32)
                  | | undead, evil, unbreathing
                  | Res: will(14), cold+++,
                  | poison+++, drown, miasma, neg+++, torm
                  | Vul: fire, holy
                  | | XP:
   283 | Sz: Medium | Int: brainless.
 21992 | Orc:1    | Entered Level 1 of the Orcish Mines
 22051 | Orc:2    | Entered Level 2 of the Orcish Mines
 22375 | Lair:1   | Identified the ring "Pufrim" {rElec Will++ Dex+6}
 22976 | Swamp:1  | Entered Level 1 of the Swamp
 23074 | Swamp:1  | Reached skill level 16 in Stealth
 23496 | Swamp:2  | Noticed an eleionoma
 23509 | Swamp:2  | Pacified an eleionoma
 23841 | Swamp:3  | Noticed a ghoul
 23876 | Swamp:2  | Reached skill level 17 in Stealth
 24010 | Swamp:3  | Noticed an eleionoma
 24013 | Swamp:3  | Noticed an eleionoma
 24015 | Swamp:4  | Entered Level 4 of the Swamp
 24016 | Swamp:4  | Noticed a thorn hunter
 24017 | Swamp:4  | Noticed an eleionoma
 24018 | Swamp:4  | Pacified a thorn hunter
 24151 | Swamp:4  | Pacified an eleionoma
 24152 | Swamp:4  | Reached skill level 18 in Stealth
 24284 | Swamp:4  | Found the +5 glaive of the Guard {elec, spectral}
 24411 | Swamp:4  | Noticed a green death
 24412 | Swamp:4  | Pacified a green death
 24614 | Swamp:4  | Reached XP level 14. HP: 32/72 MP: 20/25
 24889 | Swamp:4  | HP: 2/72 [bog body (17)]
 25170 | Swamp:4  | Elyvilon protects you from harm!
 25275 | Swamp:4  | Reached skill level 19 in Stealth
 25674 | Swamp:4  | Got a decaying rune of Zot
 26203 | Snake:1  | Entered Level 1 of the Snake Pit
 26990 | Snake:3  | Reached skill level 20 in Stealth
 27339 | Snake:3  | Learned a level 4 spell: Passage of Golubria
 27345 | Snake:3  | Learned a level 5 spell: Silence
 27915 | Snake:3  | Reached skill level 3 in Translocations
 28720 | Snake:3  | Noticed a nagaraja
 28765 | Snake:4  | Entered Level 4 of the Snake Pit
 29247 | Snake:4  | Reached skill level 9 in Translocations
 29554 | Snake:4  | Found Ujuupici's Armour Shoppe.
 29556 | Snake:4  | Found Ritaxure's Magic Scroll Emporium.
 29556 | Snake:4  | Found Qanulik's Armour Shoppe.
 29559 | Snake:4  | Found Zoajuisus's Book Emporium.
 29564 | Snake:4  | Bought a scroll of fog for 76 gold pieces
 29564 | Snake:4  | Bought a scroll of teleportation for 57 gold pieces
 29564 | Snake:4  | Bought a scroll of blinking for 142 gold pieces
 29575 | Snake:4  | Bought a book of Displacement for 418 gold pieces
 29579 | Snake:4  | Learned a level 3 spell: Teleport Other
 29666 | Snake:4  | Noticed a nagaraja
 29866 | Snake:4  | Noticed a nagaraja
 30408 | Snake:3  | Learned a level 3 spell: Dazzling Flash
 31425 | Snake:4  | Reached XP level 15. HP: 36/78 MP: 22/26
 32148 | Snake:4  | Noticed a nagaraja
 32759 | Snake:4  | Reached skill level 3 in Conjurations
 32836 | Snake:4  | Reached skill level 9 in Fighting
 33832 | Snake:4  | Noticed a nagaraja
 33836 | Snake:4  | Pacified a nagaraja
 33840 | Snake:4  | Noticed a nagaraja
 33877 | Snake:4  | Got a serpentine rune of Zot
 33894 | Snake:4  | Reached skill level 9 in Hexes
 34203 | Snake:4  | Noticed a nagaraja
 34263 | Snake:4  | well i played that badly
 35360 | D:10     | Noticed Lodul
 35366 | D:10     | shadowrider38: @?lodul
 35366 | D:10     | beem: Lodul (O)
                  | Spd: 10 (atk: 150%)
                  | HD: 6
                  | HP: 55-79
                  | | AC/EV: 3/7
                  | Dam: 30
                  | weapons, items, doors
                  | Res:
                  | will(40)
                  | Corpse
                  | XP: 748
                  | Sp: call down lightning
                  | (3d15) [!sil]
                  | Sz: Large
                  | Int: human.
 35494 | D:9      | Killed Harold
 35771 | D:8      | Found a shadowy altar of Dithmenos.
 36135 | D:8      | oops
 36677 | D:3      | Found a runed translucent door.
 36678 | D:3      | Noticed Crazy Yiuf
 38047 | D:8      | Noticed Gastronok
 38048 | D:8      | shadowrider38: @?gastronok
 38048 | D:8      | beem: Gastronok (w)
                  | Spd:
     5 | HD: 20   | HP: 118-170
                  | | AC/EV: 3/1
                  | Dam: 40
                  | items, doors, amphibious,
                  | spellcaster, see invisible
                  | Res: will(80), drown
                  | Corpse
                  | | XP: 1495
                  | Sp: cantrip, airstrike (2d(18-34)), sum.small
                  | mammal, slow, sprint
                  | Sz: Giant
                  | Int: human.
 38386 | D:8      | Killed Gastronok
 38823 | D:13     | shadowrider38: @?entropy weaver
 38823 | D:13     | beem: entropy weaver (B)
                  | Spd:
    12 | HD: 7    | HP: 60-82
                  | | AC/EV: 7/13
                  | Dam: 17, 17, 17, 17
                  | doors, fighter,
                  | spellcaster, see invisible
                  | Res: will(60)
                  | Corpse
                  | XP:
                  | 898
                  | Sp: entropic weave
                  | Sz: Medium
                  | Int: human.
 38845 | D:12     | shadowrider38: @?gargoyle
 38845 | D:12     | beem: gargoyle (9)
                  | Spd:
    10 | HD: 6    | HP: 23-31
                  | AC/EV:
                  | 18/6
                  | Dam: 20
                  | non-living, items, doors, fly, unbreathing
                  | | Res: will(40), elec, poison+++, drown, miasma, neg+++,
                  | torm
                  | XP: 415
                  | Sp: stone arrow (3d12) [!AM, !sil]
                  | Sz:
                  | Medium
                  | Int: human.
 39776 | D:15     | Found a staircase to the Depths.
 39783 | D:15     | Sergey: What is the kill count now ?
 39783 | D:15     | shadowrider38: not as good as the other ones but
 39783 | D:15     | shadowrider38: oh well
 39784 | D:15     | shadowrider38: only just finding spells now
 39792 | D:15     | Learned a level 6 spell: Dispersal
 41976 | Orc:1    | Sergey: You can check kill cpunt ingame using ?#
 41976 | Orc:1    | shadowrider38: cool
 41976 | Orc:1    | shadowrider38: is orc even worth it
 41976 | Orc:1    | shadowrider38: this is a pain
 42077 | D:11     | Sergey: What are you looking for ?
 42077 | D:11     | shadowrider38: more consumables ig
 42077 | D:11     | shadowrider38: i needed spells but not anymore
 42077 | D:11     | Sergey: Imo just get 300-400 kills and win safely
 42079 | D:11     | Sergey: Relatively safely
 42079 | D:11     | shadowrider38: yeah im not gonna go so crazy anymore
 42079 | D:11     | shadowrider38: if i dont convert this one then theres not
                  | really time to do another
 42229 | D:15     | Sergey: I would just be mentally exhausted if I died in
                  | zot. I think if my pacifist run didnt succeed, I would quit
                  | t
 42243 | D:15     | shadowrider38: lmao
 42243 | D:15     | shadowrider38: zot is kind of a toss up
 42249 | D:15     | Sergey: My initial t plan was "try human for hs and couple
                  | nemelex games"
 42272 | D:15     | Sergey: Well, without spirit idk how ypu do it
 42286 | D:15     | Sergey: In my game I took only ~30hp during the orb steal,
                  | but I got very very lucky teleport
 42286 | D:15     | shadowrider38: i got a lucky teleport spot too tbh
 42286 | D:15     | shadowrider38: just landed next to 5 orbs of fire
 42380 | D:15     | Sergey: In one of low lvl games I ate crystal spear during
                  | the steal and it was almost one-shot on its own
 42380 | D:15     | shadowrider38: are there any real differences between low
                  | xl and pacifist?
 42380 | D:15     | shadowrider38: i guess you dont have to be so selective
                  | with kills
 42381 | Depths:1 | Entered Level 1 of the Depths
 42382 | Depths:1 | Sergey: I think so
 42382 | Depths:1 | Sergey: Exactly
 42382 | Depths:1 | Sergey: In low lvl I would rather kill 10 orcs and explore
                  | normally, but leave a two headed ogre
 42382 | Depths:1 | shadowrider38: i feel like lowxl might be a little less
                  | headache
 42382 | Depths:1 | shadowrider38: idk what the motivation for changing it was
 42382 | Depths:1 | Sergey: Yes
 42384 | D:15     | Sergey: I disliked low lvl a lot because how unimpactful it
                  | was with relative scoring and how stupid it was with place
                  | scoring
 42384 | D:15     | Sergey: Like what is the reason to do lvl 15 challenge run
                  | if you just got lvl 19 speedrun
 42384 | D:15     | shadowrider38: makes sense
 42384 | D:15     | Sergey: To improve your score from 8500 to 10k
 42384 | D:15     | shadowrider38: t scoring has a lot of problems
 42384 | D:15     | shadowrider38: not really great ways to solve all of them
                  | tho
 42413 | D:15     | Sergey: With place-based scoring there is just too small
                  | difference. Like 2 people get 10k from lvl 14 win and 5
                  | people get half this score from lvl 15 win
 42415 | D:15     | shadowrider38: having the top scores being a matter of one
                  | or two levels is tough ig
 42683 | D:15     | Sergey: On pacifist my only concern for scoring is that
                  | certain items are way too impactful. Like i can imagine
                  | getting 50 kills run with distortion
 42691 | D:15     | shadowrider38: true
 42691 | D:15     | shadowrider38: not really enough people trying the category
                  | seriously yet for it to matter
 42913 | Depths:1 | Noticed a frost giant
 42913 | Depths:1 | Sergey: So as many other categories tbh
 42913 | Depths:1 | shadowrider38: yeah
 42913 | Depths:1 | Sergey: From what I hear people are hyped about banners.
                  | Never heard someone hyped about getting meteoran hs in
                  | roguelikes discord
 42913 | Depths:1 | shadowrider38: hah true
 42913 | Depths:1 | shadowrider38: banners are fun challenges
 42913 | Depths:1 | shadowrider38: all the major categories require either a
                  | great deal of skill or grinding or both
 42990 | D:15     | Sergey: No rC ?
 43060 | D:15     | shadowrider38: ice ring
 43094 | D:15     | shadowrider38: guess i can wield the staff also
 43196 | Depths:1 | shadowrider38: i took having all those resists last game
                  | for granted
 43335 | Depths:1 | Sergey: My only relec was staff so I had to unequip guile
                  | from time to time
 43365 | Depths:1 | shadowrider38: guile
 43365 | Depths:1 | shadowrider38: wish i had found that
 43511 | Depths:1 | Found a gateway to Hell.
 43815 | Depths:1 | Noticed a frost giant
 43833 | Depths:1 | Noticed a fire giant
 43999 | D:13     | Bought a book of Geomancy for 510 gold pieces
 44057 | D:13     | Bought a scroll of identify for 20 gold pieces
 44057 | D:13     | Bought a scroll of enchant armour for 75 gold pieces
 44057 | D:13     | Bought a scroll of identify for 20 gold pieces
 44269 | Depths:1 | Noticed a bone dragon
 44437 | Depths:1 | Found an ornate altar of the Wu Jian Council.
 44931 | Depths:1 | Learned a level 3 spell: Passwall
 44942 | Depths:1 | Noticed a frost giant
 45266 | Depths:1 | Noticed a lich
 45267 | Depths:1 | shadowrider38: misclick
 45268 | Depths:1 | Sergey: Sad
 45268 | Depths:1 | Sergey: I'd use blink
 45268 | Depths:1 | shadowrider38: yeah thats unfortunate
 45268 | Depths:1 | shadowrider38: i wanted to silence if i was a tile away
 45399 | Depths:1 | shadowrider38: do i win a melee against this guy?
 45399 | Depths:1 | shadowrider38: not used to having such low skill
 45399 | Depths:1 | Sergey: With net
 45399 | Depths:1 | narz: and or acid
 45399 | Depths:1 | Sergey: If you mean lich
 45399 | Depths:1 | shadowrider38: yeah
 45423 | D:15     | Killed a lich
 45796 | D:15     | Sergey: Outplayed
 45796 | D:15     | shadowrider38: bested
 45796 | D:15     | shadowrider38: maybe that makes my plan to lose him in
                  | dungeon not so good
 45910 | D:15     | Killed a fire giant
 46122 | Depths:1 | Found a one-way gate to the infinite horrors of the Abyss.
 46125 | Depths:1 | Noticed a lich
 46128 | Depths:1 | Found a hide-covered altar of Uskayaw.
 46283 | Depths:1 | shadowrider38: game really doesnt want to give me the
                  | stairs
 46385 | Depths:2 | Noticed a lich
 46388 | Depths:2 | Killed a lich
 46410 | Depths:3 | Noticed a sphinx
 46433 | Depths:3 | Noticed a sphinx
 46483 | Depths:3 | Reached skill level 9 in Evocations
 46754 | Depths:4 | Entered Level 4 of the Depths
 46755 | Depths:4 | shadowrider38: @?very ugly thing
 46755 | Depths:4 | beem: purple very ugly thing (u)
                  | Spd: 10 (move: 90%)
                  | | HD: 18
                  | HP: 83-117
                  | AC/EV: 6/10
                  | Dam: 36
                  | doors
                  | Res:
                  | will(40)
                  | Vul: silver
                  | Corpse
                  | XP:
  1093 | Sz: Large | | Int: animal.
 47386 | Depths:4 | Noticed Grunn
 47386 | Depths:4 | Noticed a doom hound
 47404 | Depths:3 | Noticed a golden dragon
 47413 | Depths:3 | Pacified a golden dragon
 47418 | Depths:3 | Killed a sphinx
 47472 | Depths:3 | Noticed a lich
 47714 | Depths:3 | shadowrider38: @?ettin
 47714 | Depths:3 | beem: ettin (C)
                  | Spd:
    10 | HD: 12   | HP: 55-76
                  | AC/EV: 9/4
                  | | Dam: 40, 40
                  | items, doors, two-weapon
                  | Res: will(40)
                  | | Corpse
                  | XP:
   930 | Sz: Giant | Int: human.
 48471 | Depths:4 | Noticed a juggernaut
 48478 | Depths:4 | Sergey: Close
 48513 | Depths:4 | Noticed a fire giant
 48531 | Depths:4 | shadowrider38: gonna break here
 48531 | Depths:4 | shadowrider38: hopefully i can finish later
 48585 | Depths:1 | Voluntarily entered the Abyss.
 48592 | Abyss:1  | Noticed a tentacled starspawn
 48622 | Abyss:1  | Noticed a tentacled starspawn
 48633 | Abyss:1  | Noticed a tentacled starspawn
 48752 | Abyss:3  | Found a corrupted altar of Lugonu.
 48758 | Abyss:3  | Found a corrupted altar of Lugonu.
 48797 | Abyss:3  | Noticed a bone dragon
 48850 | Abyss:3  | HP: 3/79 [large abomination (19)]
 48859 | Abyss:3  | Noticed a daeva
 48860 | Abyss:3  | Found a shimmering altar of Xom.
 48868 | Abyss:3  | Got an abyssal rune of Zot
 48894 | Depths:1 | Escaped the Abyss
 49159 | Depths:4 | Reached XP level 16. HP: 42/85 MP: 17/29
 49822 | Depths:3 | Identified the +7 glaive of the Forging Genius {chaos,
                  | rElec rF+++ rC+ Int-2}
 49997 | Depths:3 | HP: 4/85 [tengu warrior/arrow (12)]
 50756 | Depths:4 | Reached skill level 3 in Armour
 51063 | Depths:4 | Noticed a bone dragon
 51067 | Depths:4 | Noticed a bone dragon
 52506 | Depths:4 | Found a gate to the Realm of Zot.
 53206 | Depths:4 | Noticed a quicksilver dragon
 53356 | Zot:1    | Entered Level 1 of the Realm of Zot
 53356 | Zot:1    | Noticed a death cob
 53366 | Zot:1    | Noticed a tentacled monstrosity
 53368 | Zot:1    | Noticed a tentacled monstrosity
 53371 | Zot:1    | Slain by a death cob

Illustrated notes

...........S#......#..##.######
.......#.............##.### ##
#....#.N......#......##...#####.
............#....N...#####..##..
##....⌠...###......## ####...
##...........##.....# ######...#
#.............##....# #...#...##
#....#.....#..#....## #..##..###
#.............#@...# #..#...# #
#................### #..#<.8# #
#.........)N..#### #..#...# #
####..)##N..############..##..###
..#......#......##)........#...##
.........#####)..##........##...#
......N...####...###..).....##...
...NN.....##......###[.....####..
.........###........[).)...# ##.


Turn 34263 on Snake:4: well i played that badly ###.#####.#..K.##### #..#
..........##.#.# #..# ..#............# #..# ..........K..#.#######..#
...#......##............# ...#####.####.#########.# ...# #.####.#### #.# ..##
#.#.K.KK).# #.# ..# #.#.#####@# #.# .## #.#K# #.######.# ## #...# #<.......#
##########<# #.######## .g....g....#####g# ##########go.g...# ######### Turn
36135 on D:8: oops

Levels and vault maps discovered:
D:1:      ldierk_walled_garden, layout_basic, serial_shops, shop,
          minmay_rat_gold_closets
D:2:      layout_loops_ring
D:3:      layout_basic, minmay_goblin_kobold_house, uniq_crazy_yiuf_cottage,
          uniq_sigmund
D:4:      layout_basic, minmay_temple_entry_hall, uniq_robin
D:5:      layout_loops_ring, elyvilon_altar_3
D:6:      layout_basic, bloody_trog, uniq_blork_the_orc
D:7:      layout_rooms, grunt_decor_arrowhead, uniq_pikel, uniq_maurice
D:8:      layout_loops_ring, nicolae_overflow_hidden_temple,
          serial_bayou_pond_b, nicolae_benzene_ring, uniq_prince_ribbit1,
          uniq_gastronok
D:9:      layout_cave_pools, uniq_amaemon, uniq_harold, uniq_erolcha
D:10:     layout_layer_cave, due_lair_maze_entry_diamond, enter_bailey_3,
          uniq_lodul, uniq_sonja, uniq_psyche, uniq_snorg
D:11:     layout_loops_cross, orc_0_dummy, portal_ice_cave_entry_ice_simulacra,
          okawaru_metal_pillars_3
D:12:     layout_long_grid, lemuel_flamethrower_2
D:13:     layout_cave_pods, lightli_vaults_fourway_checkpoint, serial_shops,
          nicolae_shop_pleasant_corner_grove, nicolae_shop_mannequins, shop,
          nicolae_shop_back_alley_shop, serial_library_hellmonk_reading_circle,
          uniq_urug
D:14:     lemuel_ice_statue, layout_basic, minmay_door_square,
          minmay_fire_ice_demons
D:15:     hellmonk_depths_entry_around_the_bend, layout_stronghold,
          grunt_dithmenos_shadows, minmay_fractal_squares_diagonal_5,
          uniq_josephine
Temple:   hellmonk_temple_divided_pantheon
Lair:1:   layout_hall_layers, grunt_megastairs_1
Lair:2:   layout_roguey, gammafunk_ghost_cemetery, serial_bayou_shore_b
Lair:3:   layout_misc_corridors, minmay_swamp_entry_swarm,
          minmay_snake_entry_six_corridors, chequers_serial_rivers_micro_c,
          chequers_serial_rivers_small_3, dreamdust_wasp_nest, uniq_rupert
Lair:4:   layout_layer_cave, minmay_slime_entry_jelly_boxes
Lair:5:   guppyfry_lair_end_dragon, layout_long_grid,
          hangedman_lair_caniforms_friends, grunt_forest_stairs_basic,
          hangedman_lair_unloving_vines, small_statue_intersection,
          chequers_serial_rivers_room_b, lemuel_fruit_fields
Swamp:1:  nicolae_swamp_ascending_descending_big, layout_falls_marsh,
          evilmike_swamp_ruin_rubble_2, swamp_pool_1_2,
          nicolae_swamp_baby_hydras
Swamp:2:  layout_falls_marsh, nicolae_swamp_dense_foliage, swamp_pool_1_2,
          nicolae_swamp_stuck_in_the_mud, nicolae_swamp_tree_isthmus
Swamp:3:  layout_falls_marsh, hangedman_swamp_blocks
Swamp:4:  swamp_vile, layout_basic_swamp
Snake:1:  layout_honeycomb, serial_bayou_shore_b
Snake:2:  layout_honeycomb, serial_shops, shop, serial_bayou_shore_a
Snake:3:  layout_layer_cave, nrook_guardian_serpent_double
Snake:4:  snake_pit, layout_chambers, grunt_megastairs_5, minmay_shoptagon,
          lemuel_fruit_tree
Orc:1:    layout_caves
Orc:2:    grunt_orc_tribal_feast, layout_caves
Depths:1: layout_honeycomb, abyss_entry, nzn_wu_jian_contemplation,
          grunt_mini_vestibule, corexii_leaking_fountain, serial_bayou_pond_b,
          st_stairs_2, nicolae_uskayaw_dance_hall
Depths:2: nzn_winding_woodlands_large [nzn_winding_woodlands_5x5_open_star,
          nzn_winding_woodlands_5x15_split_checker,
          nzn_winding_woodlands_5x5_three,
          nzn_winding_woodlands_center_triple_pond,
          nzn_winding_woodlands_15x15_boxy_spiral,
          nzn_winding_woodlands_center_garden,
          nzn_winding_woodlands_5x5_default,
          nzn_winding_woodlands_5x15_longhouse,
          nzn_winding_woodlands_5x5_perimeter], layout_gridlike,
          enter_ziggurat_f, hell_entry, pan_entry, gammafunk_ghost_ooze,
          infiniplex_staircase_river
Depths:3: minmay_the_grid_octo_tiled_octocenter_mashed
          [minmay_the_grid_octo_clover, minmay_the_grid_octo_concentric,
          minmay_the_grid_octo_clover_2, minmay_the_grid_octo_fat_diamond,
          minmay_the_grid_octo_prize_big_c, minmay_the_grid_square_5x5_percent,
          minmay_the_grid_square_5x5_spiral_small,
          minmay_the_grid_square_5x5_minimal,
          minmay_the_grid_square_5x5_gyroscope], layout_cave_pools, abyss_entry,
          minivault_11, hangedman_coc_ice_floe, serial_column_ruins,
          column_ruins_portal_hut, column_ruins_square_medium,
          column_ruins_square_huge, column_ruins_grid_1,
          column_ruins_corridor_corner, column_ruins_open_small,
          column_ruins_columns_corner, column_ruins_open_small
Depths:4: grunt_zot_entry_bicorn, layout_basic, ebering_ghost_reflecting_pool,
          serial_sigils, serial_sigils_hangedman_scar,
          serial_sigils_hangedman_gnaw, serial_sigils_hangedman_confine,
          serial_sigils_hangedman_gut, serial_sigils_hangedman_shear,
          hell_entry, guppyfry_shop_venom, uniq_grunn, uniq_jory
Zot:1:    gammafunk_mikee_crab_dinner, layout_misc_corridors

Skill      XL: |  1  2  3  4  5  6  7  8  9 10 11 12 13 14 15 16 |
---------------+-------------------------------------------------+-----
Stealth        | 7 8 10 12 14 15 18 20 | 20.0
Fighting       | 1 2 3 4 6 7 8 10 | 10.0
Hexes          | 4 5 6 9 |  9.4
Dodging        | 3 6 9 12 13 | 13.0
Spellcasting   | 3 4 6 8 |  8.3
Invocations    | 2 5 6 7 10 11 12 14 | 14.0
Evocations     | 4 8 10 | 10.0
Ice Magic      | 2 3 |  3.2
Short Blades   | 4 5 |  5.0
Translocations | 9 11 | 11.5
Conjurations   | 1 3 |  3.0
Earth Magic    | 2 |  2.0
Armour         | 1 3 |  3.8

Action                     |  1- 3 |  4- 6 |  7- 9 | 10-12 | 13-15 | 16-18 || total
---------------------------+-------+-------+-------+-------+-------+-------++-------
  Melee: Dagger            |     9 |     7 |    22 |    94 |   280 |    12 ||   424
         Punch             |       |       |       |     1 |     3 |       ||     4
         Rapier            |       |       |       |       |    31 |       ||    31
  Throw: Dart              |       |       |     3 |     1 |       |       ||     4
         Throwing net      |       |       |     2 |       |     2 |     2 ||     6
   Cast: Ensorcelled Hiber |       |    31 |    80 |   151 |   209 |    26 ||   497
         Tukima's Dance    |       |     1 |       |     4 |       |       ||     5
         Confusing Touch   |       |       |       |     8 |    18 |       ||    26
         Teleport Other    |       |       |       |       |   213 |    68 ||   281
         Dazzling Flash    |       |       |       |       |    50 |     1 ||    51
         Passage of Golubr |       |       |       |       |    45 |     1 ||    46
         Dispersal         |       |       |       |       |    74 |     7 ||    81
         Passwall          |       |       |       |       |    22 |     1 ||    23
         Silence           |       |       |       |       |     4 |       ||     4
 Invoke: Heal Other        |       |       |     6 |    45 |    81 |     5 ||   137
         Purification      |       |       |       |     1 |     1 |       ||     2
         Heal Self         |       |       |       |       |     8 |       ||     8
  Evoke: Wand              |       |       |    12 |     4 |    33 |     5 ||    54
         Condenser vane    |       |       |       |       |     1 |       ||     1
    Use: Potion            |     1 |       |     2 |     2 |    15 |     2 ||    22
         Scroll            |       |    11 |     6 |     8 |    37 |     1 ||    63
   Stab: Invisible         |     1 |       |       |       |    33 |     1 ||    35
         Sleeping          |       |     5 |    13 |    37 |    78 |     8 ||   141
         Paralysed         |       |       |       |     2 |     1 |       ||     3
         Confused          |       |       |       |     7 |    10 |       ||    17
         Held in net/web   |       |       |       |       |     2 |       ||     2
         Distracted        |       |       |       |       |     1 |       ||     1
 Armour: Robe              |     1 |    13 |    41 |       |       |       ||    55
         Steam dragon scal |       |       |     9 |   119 |   342 |    33 ||   503
  Dodge: Dodged            |     9 |    32 |   106 |   291 |  1083 |    72 ||  1593
